 Dungeon Crawl Stone Soup version 0.23.0-3-gf3c87f2 (webtiles) character file.

Game seed: 12124187719855092878

245 Borgoz the Vexing (level 6, 0/44 (45) HPs)
             Began as a Ghoul Enchanter on Feb 24, 2019.
             Slain by a bullfrog (1 damage)
             ... on level 4 of the Dungeon.
             The game lasted 00:08:01 (3305 turns).

Borgoz the Vexing (Ghoul Enchanter)                 Turns: 3305, Time: 00:08:01

HP:   0/44 (45)     AC:  4    Str: 12    XL:     6   Next: 10%
MP:   7/7           EV: 12    Int: 10    God:
Gold: 118           SH:  0    Dex: 11    Spells: 5/8 levels left

rFire    . . .     SeeInvis .   a - +1 dagger
rCold    + . .     Gourm    .   (no shield)
rNeg     + + +     Faith    .   c - +1 leather armour
rPois    ∞         Spirit   .   (no helmet)
rElec    .         Reflect  .   (no cloak)
rCorr    .         Harm     .   (no gloves)
MR       .....                  (no boots)
Stlth    ++........             (no amulet)
HPRegen  0.00/turn              (no ring)
MPRegen  0.10/turn              (no ring)

@: rotting
A: rotting body, claws 1, carnivore, cold resistance 1, negative energy
resistance 3, inhibited regeneration, torment resistance, unbreathing
a: no special abilities


You were on level 4 of the Dungeon.
You were not hungry.

You visited 1 branch of the dungeon, and saw 4 of its levels.

You collected 118 gold pieces.

Inventory:

Hand Weapons
 a - a +1 dagger (weapon)
Missiles
 b - 13 poisoned needles
Armour
 c - a +1 leather armour (worn)
Scrolls
 e - a scroll of remove curse
Comestibles
 d - 9 rations


   Skills:
 * Level 3.4 Short Blades
 + Level 2.9 Dodging
 - Level 3.2 Stealth
 - Level 1.7 Spellcasting
 * Level 3.9 Hexes


You had 5 spell levels left.
You knew the following spells:

 Your Spells              Type           Power        Failure   Level  Hunger
a - Corona                Hex            #......      9%          1    ##.....
b - Ensorcelled Hibernat  Hex/Ice        #.....       28%         2    ###....

Your spell library contained the following spells:

 Spells                   Type           Power        Failure   Level  Hunger
 Confuse                  Hex            #.......     24%         3    ####...
 Tukima's Dance           Hex            #.......     24%         3    ####...
 Dazzling Spray           Conj/Hex       #.....       50%         3    ####...


Dungeon Overview and Level Annotations

Branches:
Dungeon (4/15)
 Temple: D:4-7

Altars:
Makhleb
Ru
Wu Jian
Xom
The Shining One

Annotations:
D:4 3 runed translucent doors, sking99's ghost, amateur DrTm


Innate Abilities, Weirdness & Mutations

Your body is rotting away.
You thrive on raw meat.
You are immune to poison.
You have sharp fingernails.
You are carnivorous and can eat meat at any time.
Your flesh is cold resistant. (rC+)
You are immune to negative energy. (rN+++)
You do not regenerate when monsters are visible.
You are immune to unholy pain and torment.
You can survive without breathing.


Message History

There are no items here.
Firing (i - inventory) No suitable missiles.
Press: ? - help, Shift-Dir - straight line
Okay, then.
You hit something but do no damage. Something hits you but does no damage.
You hit something but do no damage. Something hits you.
* * * LOW HITPOINT WARNING * * *
You miss something. Something hits you.
* * * LOW HITPOINT WARNING * * *
You hit something. You miss something.
Your surroundings suddenly seem different.
A bullfrog comes into view.
The bullfrog gives a loud, deep croak!
Found 14 arrows and a ration.
You hit the bullfrog but do no damage. The bullfrog hits you.
* * * LOW HITPOINT WARNING * * *
The bullfrog misses you.
You barely miss the bullfrog. The bullfrog hits you.
You die...

******************,,,,,**,***,***
*,,,* *,*****,,,##**,***,* **,**
*,,,,,,,,..,,,,,**,* *,*
*******,,.,,,,,,**,* *,*
**.#,****,**,* *,* ###.### *,**,*
*,* #.....# *,**,***
*,***########.....# *,**,,,,
*,,,,..(....@F....# *,******
*****########.....# *,* #..%..#
*,****** ####### *,,,,,,,
********


You could see a bullfrog.

Vanquished Creatures
  A hound (D:4)
  A bullfrog skeleton (D:3)
  A worker ant (D:4)
  Terence (D:2)
  A hound skeleton (D:3)
  6 adders
  An ooze (D:4)
  A dart slug (D:4)
  4 orcs
  A ball python (D:3)
  3 giant cockroaches
  9 hobgoblins
  8 jackals
  6 kobolds
  4 bats
  3 frilled lizards
  9 goblins
  A quokka zombie (D:4)
  7 rats
68 creatures vanquished.

Notes
Turn   | Place    | Note
-------+----------+-------------------------------------------
     0 | D:1      | Borgoz the Ghoul Enchanter began the quest for the Orb.
     0 | D:1      | Reached XP level 1. HP: 14/14 MP: 2/2
   189 | D:1      | Reached skill level 1 in Short Blades
   566 | D:1      | Reached XP level 2. HP: 4/18 MP: 1/3
  1144 | D:2      | Noticed Terence
  1161 | D:2      | Killed Terence
  1161 | D:2      | Reached XP level 3. HP: 8/26 MP: 2/4
  1633 | D:2      | Reached XP level 4. HP: 25/33 MP: 5/5
  1688 | D:2      | You fall through a shaft!
  2138 | D:3      | Found a glowing golden altar of the Shining One.
  2138 | D:3      | Found an ornate altar of the Wu Jian Council.
  2176 | D:3      | Reached XP level 5. HP: 16/38 MP: 6/6
  2447 | D:3      | Found a sacrificial altar of Ru.
  2495 | D:3      | Found a burning altar of Makhleb.
  2503 | D:3      | Found a shimmering altar of Xom.
  2901 | D:4      | Found a runed translucent gate.
  2901 | D:4      | Found a runed translucent gate.
  2901 | D:4      | Found a runed translucent gate.
  2952 | D:4      | Learned a level 2 spell: Ensorcelled Hibernation
  3000 | D:4      | Reached XP level 6. HP: 12/45 MP: 7/7
  3028 | D:4      | Noticed sking99's ghost (amateur DrTm)
  3303 | D:4      | HP: 1/44 [bullfrog (4)]
  3305 | D:4      | Slain by a bullfrog

Skill      XL: |  1  2  3  4  5 |
---------------+----------------+-----
Short Blades   | 1 2 3 |  3.4
Dodging        | 2 |  2.9
Hexes          | 3 |  3.9
Stealth        | |  3.2
Spellcasting   | |  1.7

Action                   |  1- 3 |  4- 6 || total
-------------------------+-------+-------++-------
Melee: Dagger            |   134 |   298 ||   432
 Cast: Corona            |     5 |       ||     5
  Use: Scroll            |     5 |     7 ||    12
       Potion            |     1 |     2 ||     3
 Stab: Sleeping          |     6 |     4 ||    10
  Eat: Chunk             |    16 |    27 ||    43
Armor: Robe              |     4 |       ||     4
       Leather armour    |    12 |    64 ||    76
Dodge: Dodged            |    68 |   162 ||   230
